Map: Ruins of Endion

Players

Miszu

  • Race: Terran Terran
  • League: Master

Harstem - Winner!

  • Race: Protoss Protoss
  • League: Master

VOD

Have the link to the VOD?

Description

Time

  • Played on: May 1, 2016, 2:54 p.m.
  • Length: 9:50
Show
View Real Time Build Order
Export as new Build Order

Miszu Terran 

Build Orders: Command Center First (CC) 

Get SALT Encoding   

  12  0:01  SCV  
  13  0:13  SCV  
  14  0:21  Supply Depot  
  14  0:28  SCV  
  15  0:43  SCV  
  16  0:55  SCV  
  17  1:02  Command Center  
  17  1:07  SCV  
  18  1:13  Barracks  
  18  1:19  SCV  
  19  1:27  Barracks  
  19  1:32  SCV  
  20  1:42  Barracks  
  20  1:46  SCV  
  21  2:00  Orbital Command  
  21  2:01  Marine  
  22  2:15  Marine  
  23  2:18  Orbital Command  
  23  2:19  Marine  
  24  2:25  SCV  
  24  2:29  Refinery, Marine  
  26  2:32  Marine  
  26  2:34  Refinery  
  27  2:37  Marine  
  27  2:38  SCV  
  27  2:43  SCV  
  30  2:47  Marine  
  30  2:50  SCV  
  32  2:53  Marine  
  32  2:55  SCV  
  34  3:00  Barracks Tech Lab  
  34  3:03  SCV  
  36  3:07  SCV  
  36  3:09  Supply Depot  
  36  3:11  Supply Depot  
  36  3:12  Barracks Tech Lab  
  36  3:15  SCV  
  36  3:16  Barracks Reactor  
  36  3:19  SCV  
  38  3:20  Refinery  
  38  3:30  Marine  
  38  3:31  Marine  
  40  3:34  SCV  
  40  3:35  SCV  
  40  3:39  Factory  
  42  3:47  SCV x2  
  42  3:48  Marine  
  44  3:50  Stimpack  
  44  3:54  Supply Depot, Marine x2  
  44  3:55  Marine  
  48  3:59  SCV x2  
  50  4:06  Marauder  
  52  4:11  SCV  
  52  4:12  Marine  
  52  4:14  Engineering Bay  
  52  4:16  Marine  
  55  4:17  Supply Depot  
  55  4:19  SCV  
  55  4:20  Marauder  
  55  4:23  SCV  
  59  4:26  Supply Depot  
  59  4:27  Marine  
  59  4:29  Starport  
  59  4:31  Factory Reactor  
  60  4:32  SCV  
  61  4:47  SCV x2  
  61  4:49  Supply Depot  
  61  4:50  Marine x2, Marauder  
  61  4:51  Marauder  
  69  4:56  Terran Infantry Weapons Level 1  
  69  4:59  SCV  
  70  5:00  SCV  
  70  5:03  Supply Depot  
  71  5:11  SCV  
  71  5:14  Medivac x2, Factory Reactor  
  74  5:19  SCV  
  79  5:21  Marauder  
  79  5:24  Refinery  
  80  5:35  Command Center  
  79  5:36  Marauder  
  79  5:40  SCV  
  79  5:41  SCV  
  84  5:43  Marauder  
  84  5:44  Medivac  
  84  5:46  Medivac  
  88  5:53  SCV  
  88  5:59  SCV  
  88  6:00  Marauder  
  91  6:08  Command Center  
  89  6:15  Marauder  
  89  6:18  SCV x2  
  93  6:21  Supply Depot  
  93  6:22  Supply Depot  
  93  6:23  Marine, Marauder  
  94  6:32  Barracks  
  94  6:33  Barracks  
  94  6:35  Supply Depot  
  94  6:36  Marine, Medivac x2, SCV  
  94  6:37  Marauder  
  102  6:43  SCV  
  103  6:47  Widow Mine x2  
  103  6:48  SCV  
  103  6:53  Supply Depot  
  104  6:54  Supply Depot  
  104  6:55  SCV  
  104  7:01  SCV  
  105  7:06  Marauder  
  105  7:07  SCV  
  105  7:08  Marauder  
  110  7:13  SCV  
  111  7:19  SCV  
  111  7:20  Widow Mine x2  
  117  7:24  Orbital Command  
  117  7:25  SCV  
  117  7:27  Marauder  
  117  7:29  Barracks Reactor  
  119  7:31  Terran Infantry Armor Level 1  
  119  7:33  Marauder  
  113  7:48  Marauder  
  104  7:53  Marine  
  104  7:54  Marine  
  104  7:55  Marauder  
  108  8:03  Medivac x2  
  108  8:05  Barracks Tech Lab  
  116  8:07  Marine x2  
  116  8:10  Marauder  
  116  8:11  Marine, Refinery  
  116  8:12  Marine  
  122  8:13  Refinery  
  122  8:15  Marine  
  122  8:18  SCV x3  
  124  8:25  Marine  
  119  8:31  Marauder  
  119  8:32  SCV x2  
  119  8:33  SCV  
  107  8:34  Marauder  
  107  8:36  Widow Mine  
  107  8:37  Medivac x2, Widow Mine  
  115  8:44  SCV  
  115  8:45  SCV x2  
  109  8:49  Marauder  
  109  8:50  Marine  
  109  8:53  Marauder  
  109  8:55  Marauder  
  116  8:56  Marine x3, SCV  
  116  8:57  SCV x2  
  116  9:01  Concussive Shells  
  122  9:08  Marine, SCV  
  122  9:09  SCV x2  
  126  9:10  Marine  
  126  9:13  Marine  
  128  9:18  Marine, Marauder  
  128  9:22  Marine  
  128  9:23  Marine  
  133  9:26  Marine  
  133  9:28  Marauder  
Show
View Real Time Build Order
Export as new Build Order

Harstem Protoss - Winner!

Build Orders: 1 Gate Expand, Blink Stalkers 

Get SALT Encoding   

  12  0:02  Probe (Chrono Boost)  
  13  0:13  Probe (Chrono Boost)  
  14  0:18  Pylon  
  14  0:23  Probe (Chrono Boost)  
  15  0:37  Gateway, Probe (Chrono Boost)  
  16  0:47  Probe (Chrono Boost)  
  17  0:51  Assimilator  
  17  0:58  Probe (Chrono Boost)  
  18  1:08  Probe (Chrono Boost)  
  19  1:22  Nexus  
  19  1:31  Cybernetics Core  
  19  1:34  Probe (Chrono Boost)  
  20  1:41  Assimilator  
  20  1:45  Probe (Chrono Boost)  
  21  1:50  Pylon  
  21  1:55  Probe (Chrono Boost)  
  22  2:06  Probe (Chrono Boost)  
  23  2:08  Warp Gate  
  23  2:17  Mothership Core (Chrono Boost)  
  25  2:27  Stalker  
  27  2:36  Probe x2 (Chrono Boost)  
  29  2:44  Robotics Facility  
  29  2:46  Probe x2 (Chrono Boost)  
  31  2:57  Probe x2 (Chrono Boost)  
  33  3:03  Twilight Council  
  33  3:07  Probe x2 (Chrono Boost)  
  35  3:18  Probe x2 (Chrono Boost)  
  37  3:25  Gateway  
  37  3:27  Probe (Chrono Boost)  
  37  3:28  Gateway, Probe (Chrono Boost)  
  37  3:30  Observer (Chrono Boost)  
  40  3:34  Assimilator  
  40  3:36  Pylon  
  40  3:38  Blink (Chrono Boost), Probe  
  41  3:42  Probe  
  42  3:49  Pylon  
  42  3:50  Probe  
  42  3:54  Probe  
  44  3:56  Observer  
  44  4:02  Probe  
  46  4:06  Probe  
  47  4:14  Probe (Chrono Boost)  
  48  4:19  Probe (Chrono Boost)  
  48  4:21  Nexus  
  48  4:22  Stalker x2  
  53  4:26  Stalker  
  53  4:29  Probe (Chrono Boost)  
  57  4:35  Warp Prism (Chrono Boost)  
  58  4:43  Probe  
  59  4:45  Pylon  
  59  4:47  Probe  
  59  4:49  Stalker  
  62  4:54  Pylon  
  62  5:03  Stalker x2, Probe (Chrono Boost)  
  62  5:04  Probe (Chrono Boost)  
  68  5:08  Observer (Chrono Boost)  
  68  5:10  Pylon  
  69  5:15  Probe (Chrono Boost)  
  69  5:17  Probe (Chrono Boost)  
  71  5:22  Stalker  
  71  5:26  Forge, Probe (Chrono Boost)  
  75  5:28  Forge  
  75  5:29  Probe (Chrono Boost)  
  75  5:36  Probe (Chrono Boost)  
  75  5:37  Stalker x2  
  75  5:38  Probe (Chrono Boost)  
  75  5:41  Probe (Chrono Boost)  
  82  5:47  Probe (Chrono Boost)  
  82  5:49  Probe (Chrono Boost)  
  84  5:54  Probe (Chrono Boost)  
  85  5:57  Probe (Chrono Boost)  
  85  5:58  Stalker  
  85  5:59  Probe (Chrono Boost)  
  85  6:01  Gateway  
  89  6:04  Gateway x2, Resonating Glaives  
  87  6:19  Protoss Ground Weapons Level 1 (Chrono Boost), Stalker x2, Protoss Ground Armor Level 1 (Chrono Boost)  
  87  6:21  Probe (Chrono Boost)  
  87  6:22  Probe (Chrono Boost), Assimilator  
  87  6:23  Probe (Chrono Boost)  
  94  6:28  Assimilator x2  
  94  6:31  Probe (Chrono Boost)  
  95  6:33  Sentry  
  95  6:35  Probe (Chrono Boost)  
  95  6:36  Probe (Chrono Boost)  
  95  6:39  Pylon  
  99  6:41  Probe (Chrono Boost)  
  99  6:46  Probe (Chrono Boost)  
  101  6:57  Immortal (Chrono Boost), Probe x3 (Chrono Boost)  
  108  7:03  Pylon  
  108  7:05  Pylon  
  108  7:06  Probe (Chrono Boost)  
  108  7:07  Pylon  
  109  7:16  Gateway  
  109  7:18  Pylon  
  109  7:20  Photon Cannon  
  109  7:21  Probe  
  109  7:22  Adept x2, Gateway, Sentry  
  116  7:23  Pylon  
  116  7:24  Pylon  
  116  7:29  Stalker x2  
  120  7:30  Stalker  
  120  7:33  Observer (Chrono Boost)  
  120  7:37  Probe  
  122  7:39  Probe (Chrono Boost)  
  122  7:42  Probe (Chrono Boost)  
  114  7:47  Nexus  
  114  7:49  Probe (Chrono Boost)  
  115  7:51  Probe (Chrono Boost)  
  115  7:53  Probe (Chrono Boost)  
  115  7:54  Stalker x5  
  126  8:02  Charge (Chrono Boost)  
  126  8:06  Templar Archives  
  126  8:16  Zealot x3  
  131  8:21  Stalker x5  
  139  8:46  Nexus  
  139  8:48  Pylon  
  139  8:49  High Templar x2  
  143  8:56  Pylon  
  143  9:02  Zealot x3  
  149  9:10  Adept x3  
  149  9:14  Immortal (Chrono Boost)  
  159  9:17  Pylon  
  159  9:19  Pylon  
  159  9:21  Pylon  
  159  9:31  High Templar x2  
  159  9:32  Zealot  
  159  9:36  Archon  
  165  9:41  Zealot  
  165  9:42  Zealot x4  
Tags
 
Add a new tag
Caveats
  • Supply blocks, unpowered buildings, or Contaminate may cause inaccurate times.
  • Supply counts are checked every 10 seconds.